 Dungeon Crawl Stone Soup version 0.19.1 (webtiles) character file.

98 JustSomeDude the Purveyor of Pain (level 4, -13/30 HPs)
             Began as a Demonspawn Necromancer on Nov 28, 2016.
             Was an Initiate of Kikubaaqudgha.
             Killed by divine providence
             ... invoked by an orc priest
              (16 damage)
             ... in the Ecumenical Temple.
             The game lasted 00:12:59 (3418 turns).

JustSomeDude the Purveyor of Pain (DsNe)            Turns: 3418, Time: 00:13:00

Health: -13/30     AC:  4    Str:  9    XL:     4   Next: 43%
Magic:  2/8        EV: 12    Int: 17    God:    Kikubaaqudgha [......]
Gold:   142        SH:  0    Dex: 13    Spells: 2 memorised, 4 levels left

rFire  + + .     SeeInvis .     (no weapon)
rCold  + . .     Gourm    .     g - +1 robe {rC+ rF+}
rNeg   . . .     Faith    .     (no shield)
rPois  .         Spirit   .     (helmet restricted)
rElec  .         Reflect  .     o - +0 cloak
rCorr  .         Harm     .     (no gloves)
MR     .....                    (no boots)
Stlth  ++........               (no amulet)
                                (no ring)
                                r - ring of flight

@: no status effects
A: antennae 1, fire resistance 1
a: Renounce Religion, Evoke Flight


You were in the Ecumenical Temple.
You worshipped Kikubaaqudgha.
Kikubaaqudgha was noncommittal.
You were not hungry.

You visited 2 branches of the dungeon, and saw 5 of its levels.

You collected 142 gold pieces.

Inventory:

Armour
 g - a +1 robe of resistance (worn)
 o - a +0 cloak (worn)
Jewellery
 r - a ring of flight (left hand)
Scrolls
 f - 4 scrolls of identify
 h - a scroll of remove curse
Potions
 d - a potion of agility
 e - a potion of brilliance
 j - a potion of haste
 p - a potion of curing {unknown}
Books
 b - a book of Necromancy

   Spells                             Type                      Level
   a - Pain                           Necromancy                   1
   b - Animate Skeleton               Necromancy                   1
   c - Vampiric Draining              Necromancy                   3
   d - Regeneration                   Charms/Necromancy            3
   e - Animate Dead                   Necromancy                   4
   f - Control Undead                 Necromancy                   4
Comestibles
 c - 4 bread rations
 l - a meat ration


   Skills:
 + Level 0.2 Fighting
 + Level 1.7 Dodging
 + Level 1.9 Stealth
 + Level 0.1 Unarmed Combat
 + Level 3.3 Spellcasting
 + Level 5.4 Necromancy


You had 4 spell levels left.
You knew the following spells:

 Your Spells              Type           Power        Failure   Level  Hunger
a - Pain                  Necr           ###.         1%          1    None
b - Animate Dead          Necr           N/A          21%         4    ####...


Dungeon Overview and Level Annotations

Branches:
Dungeon (4/15)             Temple (1/1) D:4

Altars:
Dithmenos
Elyvilon
Fedhas
Hepliaklqana
Kikubaaqudgha
Makhleb
Nemelex Xobeh
Qazlal
Trog
Uskayaw
Yredelemnul
The Shining One


Innate Abilities, Weirdness & Mutations

You have a pair of small antennae on your head.
Your flesh is heat resistant. (rF+)


Message History

You hit the orc priest but do no damage.
The orc priest is heavily wounded.
The orc priest invokes the aid of Beogh against you.
Beogh smites you!
* * * LOW HITPOINT WARNING * * *
It was a potion of agility.
You feel agile all of a sudden.
It was a potion of cancellation.
Your magical effects are unravelling.
You feel magically purged.
Your magical contamination has completely faded away.
You feel yourself slow down.
You feel a little less clever now.
You feel a little less agile now. The orc priest barely misses you.
It was a potion of cure mutation.
It has a very clean taste.
The orc priest calls down the wrath of Beogh upon you.
Beogh smites you!
Ouch! That really hurt!
You die...
Kikubaaqudgha rasps: "You have failed me!
Welcome... death!"

♣ ♣♣♣.♣..._..♣
♣♣♣..♣♣♣.....♣
♣...♣♣♣♣♣...♣♣
..♣♣..♣♣♣♣♣♣♣
♣♣♣♣.♣.♣♣ [♣
♣♣♣♣.♣♣ ♣♣♣♣♣
.♣♣♣♣ ♣.P♣ ♣♣...♣♣
....♣♣♣♣.♣♣♣...o.♣
.....♣
♣♣.......@♣♣
.._..♣ ♣P♣♣.....P♣
.....♣ ♣♣♣♣♣...♣♣♣
♣...♣♣ ♣♣♣♣♣ ♣♣♣♣♣


You could see an orc priest.

Vanquished Creatures
  A gnoll (D:2)
  2 adders (D:2)
  An ooze (D:3)
  2 dart slugs (D:1)
  3 leopard geckos
  4 orcs
  2 giant cockroaches
  7 hobgoblins
  6 kobolds
  3 quokkas
  A ball python (D:1)
  8 bats
  3 frilled lizards
  3 goblins (D:2)
  11 rats
57 creatures vanquished.

Notes
Turn   | Place    | Note
-------+----------+-------------------------------------------
     0 | D:1      | JustSomeDude the Demonspawn Necromancer began the quest for the Orb.
     0 | D:1      | Reached XP level 1. HP: 13/13 MP: 3/3
   244 | D:1      | Gained mutation: Your flesh is heat resistant. (rF+) [demonic ancestry]
   244 | D:1      | Reached XP level 2. HP: 9/19 MP: 1/5
   395 | D:1      | Reached skill level 5 in Necromancy
  1084 | D:1      | Reached XP level 3. HP: 18/24 MP: 0/6
  1945 | D:2      | Gained mutation: You have a pair of small antennae on your head. [demonic ancestry]
  1945 | D:2      | Reached XP level 4. HP: 19/30 MP: 1/8
  2455 | D:3      | Noticed an ogre
  2475 | D:4      | Found a staircase to the Ecumenical Temple.
  2483 | Temple   | Entered the Ecumenical Temple
  3087 | Temple   | Became a worshipper of Kikubaaqudgha
  3402 | Temple   | Learned a level 4 spell: Animate Dead
  3418 | Temple   | Killed from afar by an orc priest

Skill      XL: |  1  2  3 |
---------------+----------+-----
Necromancy     | 5 |  5.4
Spellcasting   | 3 |  3.3
Fighting       | |  0.2
Dodging        | |  1.7
Stealth        | |  1.9
Unarmed Combat | |  0.1

Action                   |  1- 3 |  4- 6 || total
-------------------------+-------+-------++-------
Melee: Unarmed           |     8 |     7 ||    15
 Cast: Pain              |    82 |    43 ||   125
  Use: Scroll            |     1 |     4 ||     5
       Potion            |       |     5 ||     5
  Eat: Chunk             |     4 |     2 ||     6
       Pizza             |       |     1 ||     1
       Beef jerky        |       |     1 ||     1
Armor: Robe              |     6 |    11 ||    17
Dodge: Dodged            |    14 |    25 ||    39
